 Dungeon Crawl Stone Soup version 0.30.0-5-g1a98f26d00 (webtiles) character file.

Game seed: 10246484776825350794

171 monsoonserge the Chiller (level 5, 0/39 HPs)
             Began as a Ghoul Ice Elementalist on May 10, 2023.
             Slain by Blork the orc
             ... wielding a +0 trident
              (9 damage)
             ... on level 4 of the Dungeon.
             The game lasted 00:12:44 (2692 turns).

monsoonserge the Chiller (Ghoul Ice Elementalist)   Turns: 2692, Time: 00:12:44

Health: 0/39       AC:  4    Str: 12    XL:     5   Next: 51%
Magic:  5/7        EV: 11    Int: 12    God:
Gold:   228        SH:  0    Dex:  9    Spells: 1/8 levels left

rFire   . .          .
                       - Unarmed
rCold   + . .        (no shield)
rNeg    + + +        n - +0 leather armour
rPois   ∞            (no helmet)
rElec   .            p - +0 cloak
rCorr   .            (no gloves)
SInv    .            (no boots)
Will    .....        (no amulet)
Stlth   ++           (no ring)
HPRegen 0.00/turn    (no ring)
MPRegen 0.10/turn

%: no passive effects
@: inhibited regen
A: claws 1, cold resistance 1, negative energy resistance 3, inhibited
regeneration, torment resistance 2, devour on kill
a: no special abilities


You were on level 4 of the Dungeon.
You visited 1 branch of the dungeon, and saw 5 of its levels.

You collected 228 gold pieces.

Inventory:

Hand Weapons
 r - a +2 dagger of venom
Missiles
 k - 3 poisoned darts
 t - 6 stones
 w - 2 boomerangs
Armour
 n - a +0 leather armour (worn)
 p - a +0 cloak (worn)
Wands
 a - a wand of paralysis (9)
 u - a wand of flame (19)
Scrolls
 c - a scroll of enchant armour {unknown}
 d - 2 scrolls of identify {unknown}
 g - a scroll of vulnerability {unknown}
 m - a scroll of immolation {unknown}
 o - 2 scrolls of noise {unknown}
 s - a scroll of teleportation {unknown}
 y - a scroll of brand weapon {unknown}
Potions
 e - 2 potions of brilliance {unknown}
 f - a potion of degeneration {unknown}
 h - a potion of cancellation {unknown}
 i - a potion of mutation {unknown}
 j - 2 potions of heal wounds {unknown}
 l - 2 potions of curing {unknown}
 q - 2 potions of lignification {unknown}
 v - 3 potions of attraction {unknown}
 x - a potion of ambrosia {unknown}


   Skills:
 + Level 0.6 Fighting
 * Level 1.4 Armour
 + Level 2.2 Dodging
 + Level 2.5 Stealth
 + Level 1.8 Unarmed Combat
 + Level 2.2 Spellcasting
 * Level 5.7 Ice Magic


You had one spell level left.
You knew the following spells:

 Your Spells              Type           Power      Damage    Failure   Level
a - Freeze                Ice            60%        1d7       3%          1
b - Frozen Ramparts       Ice            30%        1d5       10%         3
c - Ozocubu's Armour      Ice            15%        N/A       10%         3

Your spell library contained the following spells:

 Spells                   Type           Power      Damage    Failure   Level
 Summon Ice Beast         Ice/Summ       8%         N/A       71%         4
 Summon Hydra             Summ           0%         N/A       100%        7
 Sublimation of Blood     Necr           Unusable   N/A       N/A         2
 Wereblood                Tmut           Unusable   N/A       N/A         2

Dungeon Overview and Level Annotations

Branches:
Dungeon (5/15)
 Temple: D:4-7

Altars:

Shops:
D:3 :

Annotations:
D:4 Blork the orc


Innate Abilities, Weirdness & Mutations

You are immune to poison.
You have sharp fingernails.
Your flesh is cold resistant. (rC+)
You are immune to negative energy. (rN+++)
You do not regenerate when monsters are visible.
You are immune to unholy pain and torment.
You thrive by killing the living.


Message History

Nothing appears to happen.
Blork the orc looks satisfied for a moment.
You scratch Blork the orc.
Blork the orc is heavily wounded.
Blork the orc hits you with a +0 trident.
Magic courses through your body. Blork the orc barely misses you.
You scratch Blork the orc but do no damage.
Blork the orc is heavily wounded.
Blork the orc screams, "I'll break your arms!"
Blork the orc barely misses you.
You closely miss Blork the orc.
Blork the orc is heavily wounded.
Blork the orc closely misses you.
You scratch Blork the orc but do no damage.
Blork the orc is heavily wounded.
Blork the orc hits you with a +0 trident.
* * * LOW HITPOINT WARNING * * *
Okay, then.
Okay, then.
Casting: Freeze (safe; 3% risk of failure)
Confirm with . or Enter, or press ? or * to list all spells.
Aiming: Freeze (safe; 3% risk of failure)
Press: ? - help, Shift-Dir - straight line, f/p - Blork the orc
Aim: Blork the orc, wielding a +0 trident and wearing a +0 robe (heavily wounded)
You freeze Blork the orc!
Blork the orc is almost dead.
Blork the orc casts a spell.
Blork the orc seems to speed up.
Your magical contamination has completely faded away.
Casting: Freeze (safe; 3% risk of failure)
Confirm with . or Enter, or press ? or * to list all spells.
Aiming: Freeze (safe; 3% risk of failure)
Press: ? - help, Shift-Dir - straight line, f/p - Blork the orc
Aim: Blork the orc, wielding a +0 trident and wearing a +0 robe (almost dead, fast)
You freeze Blork the orc.
Blork the orc is almost dead.
Blork the orc screams, "I'll cover the dungeon with your blood!"
Blork the orc barely misses you.
Blork the orc hits you with a +0 trident!
You die...

..... .... ..#
.... . . ..#.
...# ..##.. .
#..##.. ..#..##
#.##.....
......#
####.#..#.####
....#..
..$..........#
...?...
..........# .
.......
..........##....
)##....
........@.....#
## ##.#
.....!..o..#.##
. ...........#
.# ...........#
. ............
.............
............. .#
#####.####....
...


You could see Blork the orc (fast).

Vanquished Creatures
  A hound (D:4)
  An orc wizard (D:3)
  3 adders
  A worm (D:2)
  3 dart slugs
  5 orcs
  8 ball pythons
  8 endoplasms
  2 giant cockroaches (D:2)
  4 goblins
  3 hobgoblins
  11 jackals
  4 quokkas
  5 bats
  3 frilled lizards
  3 kobolds
  7 rats
72 creatures vanquished.

Notes
Turn   | Place    | Note
-------+----------+-------------------------------------------
     0 | D:1      | monsoonserge the Ghoul Ice Elementalist began the quest for
                  | the Orb.
     0 | D:1      | Reached XP level 1. HP: 14/14 MP: 2/2
   289 | D:1      | Reached XP level 2. HP: 19/20 MP: 0/3
   450 | D:1      | Reached skill level 5 in Ice Magic
   574 | D:1      | Reached XP level 3. HP: 24/26 MP: 2/4
   671 | D:1      | Learned a level 3 spell: Frozen Ramparts
   765 | D:1      | Reached skill level 1 in Unarmed Combat
   938 | D:2      | Found a faded altar of an unknown god.
  1249 | D:2      | Reached XP level 4. HP: 34/34 MP: 4/6
  1260 | D:2      | Learned a level 3 spell: Ozocubu's Armour
  1640 | D:3      | Found Piumeph's Book Emporium.
  2366 | D:3      | Reached skill level 1 in Armour
  2366 | D:3      | Reached XP level 5. HP: 28/39 MP: 3/7
  2594 | D:5      | Entered Level 5 of the Dungeon
  2676 | D:4      | Noticed Blork the orc
  2692 | D:4      | Slain by Blork the orc

Illustrated notes

Levels and vault maps discovered:
D:1:      shiori_arrival_elements, layout_basic
D:2:      layout_rooms, shapermc_ecumenical_altar_starsandcircs, st_stairs_9
D:3:      layout_basic, serial_shops, nicolae_shop_waterfront,
          serial_bayou_lagoon_a, minmay_fractal_squares_diagonal_5
D:4:      layout_rooms, nicolae_vehumet_radiance, uniq_blork_the_orc,
          uniq_robin, uniq_eustachio
D:5:      layout_rooms, trog_hazing_becter, nicolae_ru_sacrificial_ziggurat,
          serial_curves, eino_curves_01, eino_curves_04, kennysheep_flooded_box,
          uniq_crazy_yiuf_cottage

Skill      XL: |  1  2  3  4 |
---------------+-------------+-----
Ice Magic      | 5 |  5.7
Dodging        | 2 |  2.2
Unarmed Combat | 1 |  1.8
Spellcasting   | 2 |  2.2
Armour         | 1 |  1.4
Fighting       | |  0.6
Stealth        | |  2.5

Action                     |  1- 3 |  4- 6 || total
---------------------------+-------+-------++-------
  Melee: Unarmed           |   105 |    50 ||   155
         Punch             |     1 |       ||     1
   Cast: Freeze            |    37 |    25 ||    62
         Frozen Ramparts   |       |     4 ||     4
  Evoke: Wand              |       |     1 ||     1
    Use: Potion            |       |     1 ||     1
   Stab: Sleeping          |       |     2 ||     2
 Armour: Robe              |    26 |     1 ||    27
         Leather armour    |       |    17 ||    17
  Dodge: Dodged            |    94 |    38 ||   132
